 Dungeon Crawl Stone Soup version 0.30.1-11-g7821555f0a (webtiles) character file.

Game seed: 11970623480592484465

1256 Abishag the Sneak (level 8, 0/66 HPs)
             Began as a White Draconian Brigand on Jan 14, 2024.
             Was a Follower of Qazlal.
             Slain by a manticore (7 damage)
             ... on level 6 of the Dungeon.
             The game lasted 00:14:22 (4675 turns).

Abishag the Sneak (White Draconian Brigand)         Turns: 4675, Time: 00:14:32

Health: 0/66       AC:  9    Str: 14    XL:     8   Next: 26%
Magic:  11/11      EV: 13    Int: 19    God:    Qazlal [*.....]
Gold:   296        SH:  2    Dex: 13    Spells: 11/11 levels left

rFire   . . .        e - +4 spear
rCold   + . .        (no shield)
rNeg    . . .        (body armour unavailable)
rPois   .            (helmet restricted)
rElec   .            b - +2 cloak
rCorr   .            (no gloves)
SInv    .            (no boots)
Will    .....        (no amulet)
Stlth   +++          k - ring of wizardry
HPRegen 0.31/turn    m - +6 ring of intelligence
MPRegen 0.12/turn

%: wizardry (x1)
@: short of breath, hasted, very quick
A: breathe frost, AC +6, unfitting armour, cold resistance 1, cold-blooded
a: Breathe Frost, Renounce Religion


You were on level 6 of the Dungeon.
You worshipped Qazlal.
Qazlal was aware of your devotion.
You visited 1 branch of the dungeon, and saw 6 of its levels.

You collected 296 gold pieces.

Inventory:

Hand Weapons
 a - a +3 dagger
 e - a +4 spear (weapon)
 h - a +4 quarterstaff of chaos
Missiles
 c - 4 poisoned darts
 d - 3 curare-tipped darts (quivered)
 l - 5 javelins
Armour
 b - a +2 cloak (worn)
Jewellery
 k - a ring of wizardry (left hand)
 m - a +6 ring of intelligence (right hand)
Wands
 s - a wand of flame (16)
Scrolls
 i - a scroll of amnesia
 n - 2 scrolls of magic mapping
 o - 2 scrolls of noise
 p - 2 scrolls of teleportation
Potions
 f - a potion of heal wounds
 g - a potion of haste
 j - a potion of resistance
 q - 2 potions of curing
 r - 2 potions of degeneration {unknown}


   Skills:
 * Level 3.9 Fighting
 * Level 3.4 Short Blades
 * Level 3.8(4.1) Polearms
 * Level 2.2(3.3) Staves
 * Level 3.5 Throwing
 * Level 3.3 Dodging
 * Level 5.4 Stealth
 * Level 2.3 Spellcasting
 * Level 2.2 Invocations
 * Level 0.2 Evocations


You had 11 spell levels left.
You didn't know any spells.
Your spell library was empty.

Dungeon Overview and Level Annotations

Branches:
Dungeon (6/15)
 Temple: D:4-7

Altars:
Dithmenos
Qazlal
Xom

Annotations:
D:6 2 transporters, AberrantSnake's ghost, novice TeCj


Innate Abilities, Weirdness & Mutations

You can breathe waves of freezing cold which knock back foes.
Your icy white scales are hard. (AC +6)
You cannot fit into any form of body armour.
Your flesh is cold resistant. (rC+)
You are cold-blooded and may be slowed by cold attacks.


Message History

You kill the bullfrog!
Qazlal accepts your kill.
The freezing breath hits the manticore!
The manticore is lightly wounded.
The manticore is knocked back by the freezing wind.
The freezing breath hits the manticore.
The manticore is moderately wounded.
Unknown command.
Press: ? - help, v - describe, . - travel
Here: a manticore (moderately wounded)
The floor.
You feel yourself speed up. The manticore bites you!
The manticore barely misses you. The manticore claws you.
You see here a bullfrog corpse.
You hit the manticore.
The manticore is moderately wounded.
You puncture the manticore!
The manticore is heavily wounded.
The manticore barely misses you. The manticore closely misses you.
The manticore claws you.
You puncture the manticore!
The manticore is severely wounded.
You hit the manticore.
The manticore is severely wounded.
The manticore bites you! The manticore completely misses you.
The manticore claws you but does no damage.
You puncture the manticore!
Your tail-slap misses the manticore.
The manticore is almost dead.
The manticore barely misses you. The manticore claws you!
The manticore claws you but does no damage.
You hit the manticore.
The manticore is almost dead.
You hit the manticore but do no damage.
The manticore is almost dead.
The manticore bites you!!
* * * LOW HITPOINT WARNING * * *
The manticore claws you but does no damage.
The manticore claws you!
You die...

#.########. #..).))....
##########' ####......
#..'...... #.##......
#.##...... .
###########.##..[...
....###.H@........##......
........###############+#+
...............
........####### ##......#
. #......# ####.... ..
....# .$# ###..# .#.


You could see a manticore.

Vanquished Creatures
  A black bear (D:5)
  An ogre (D:5)
  A centaur (D:5)
  A phantom (D:5)
  A bullfrog (D:6)
  3 scorpions
  2 howler monkeys
  A jelly (D:5)
  Crazy Yiuf (D:3)
  3 orc priests
  2 sleepcaps
  2 iguanas (D:4)
  6 orc wizards
  4 gnolls (D:2)
  10 adders
  4 worms
  2 dart slugs
  10 orcs
  3 bats
  7 endoplasms
  A giant cockroach (D:1)
  6 goblins
  5 hobgoblins
  3 jackals (D:3)
  A quokka (D:1)
  7 ball pythons
  6 frilled lizards
  3 kobolds
  7 rats
104 creatures vanquished.

Notes
Turn   | Place    | Note
-------+----------+-------------------------------------------
     0 | D:1      | Abishag the Draconian Brigand began the quest for the Orb.
     0 | D:1      | Reached XP level 1. HP: 17/17 MP: 1/1
   232 | D:1      | Reached XP level 2. HP: 24/24 MP: 2/2
   323 | D:2      | Reached skill level 4 in Stealth
   438 | D:2      | Reached skill level 1 in Dodging
   490 | D:2      | Reached XP level 3. HP: 29/30 MP: 3/3
   645 | D:3      | Found a shadowy altar of Dithmenos.
   747 | D:3      | Found a runed translucent door.
   748 | D:3      | Noticed Crazy Yiuf
   755 | D:3      | Killed Crazy Yiuf
   882 | D:3      | Reached XP level 4. HP: 37/37 MP: 5/5
  1244 | D:3      | Found a stormy altar of Qazlal.
  1251 | D:3      | Became a worshipper of Qazlal Stormbringer
  1680 | D:2      | Reached skill level 1 in Spellcasting
  1688 | D:2      | Reached XP level 5. HP: 14/44 MP: 6/6
  2689 | D:4      | Reached * piety under Qazlal
  2909 | D:4      | Reached skill level 1 in Polearms
  2909 | D:4      | Reached skill level 1 in Staves
  2909 | D:4      | Reached XP level 6. HP: 43/51 MP: 6/8
  3023 | D:4      | Reached skill level 5 in Stealth
  3023 | D:4      | Reached skill level 1 in Invocations
  3772 | D:5      | Entered Level 5 of the Dungeon
  3779 | D:5      | Your scales start taking on an icy white colour.
  3779 | D:5      | Reached XP level 7. HP: 55/57 MP: 9/9
  3779 | D:5      | Gained mutation: Your flesh is cold resistant. (rC+) [White
                  | Draconian growth]
  4103 | D:5      | Found a shimmering altar of Xom.
  4220 | D:5      | Reached XP level 8. HP: 47/66 MP: 11/11
  4529 | D:6      | Found a transporter.
  4536 | D:6      | Found a transporter.
  4536 | D:6      | Identified the +5 dire flail "Newtbane" {speed, rC- Will++}
  4536 | D:6      | Noticed a two-headed ogre
  4536 | D:6      | Noticed AberrantSnake's ghost (novice TeCj)
  4653 | D:6      | Noticed a manticore
  4675 | D:6      | Slain by a manticore

Illustrated notes

Levels and vault maps discovered:
D:1:      dpeg_arrival_arbitrary_a, layout_basic
D:2:      layout_basic
D:3:      layout_loops_ring, grunt_dithmenos_smoke_and_mirrors,
          mainiacjoe_overflow_six_doors_small, uniq_crazy_yiuf_cottage
D:4:      layout_gridville, st_stairs_14
D:5:      layout_loops_ring, nicolae_overflow_crystal_walls
D:6:      layout_basic, led_sif_pool, minmay_temple_entry_poolview,
          gammafunk_ghost_smash, minmay_circle_x

Skill      XL: |  1  2  3  4  5  6  7 |
---------------+----------------------+-----
Stealth        | 4 5 |  5.4
Dodging        | 1 2 3 |  3.3
Throwing       | 2 3 |  3.5
Spellcasting   | 1 2 |  2.3
Fighting       | 3 |  3.9
Polearms       | 1 2 3 |  3.8
Staves         | 1 2 |  2.2
Invocations    | 1 2 |  2.2
Short Blades   | 3 |  3.4
Evocations     | |  0.2

Action                     |  1- 3 |  4- 6 |  7- 9 || total
---------------------------+-------+-------+-------++-------
  Melee: Dagger            |    49 |    82 |       ||   131
         Tailslap          |     8 |    22 |     5 ||    35
         Spear             |       |    92 |    76 ||   168
         Punch             |       |     2 |     2 ||     4
  Throw: Dart              |    19 |    48 |     5 ||    72
Ability: Breathe Frost     |       |       |    11 ||    11
    Use: Scroll            |     5 |     6 |     1 ||    12
         Potion            |       |     2 |     2 ||     4
   Stab: Sleeping          |     5 |     7 |       ||    12
         Distracted        |     1 |       |       ||     1
         Invisible         |       |     1 |       ||     1
 Armour: Skin              |    18 |    47 |    30 ||    95
  Dodge: Dodged            |    34 |    89 |    29 ||   152
  Block: Other             |       |       |     5 ||     5
